 Dungeon Crawl Stone Soup version 0.20.1-1-g8b1a95d (webtiles) character file.

2043 homeworkjunkie the Cleaver (level 9, -3/78 HPs)
             Began as a Hill Orc Fighter on Nov 14, 2017.
             Was an Initiate of Okawaru.
             Slain by ninurtach's ghost (9 damage)
             ... on level 9 of the Dungeon.
             The game lasted 00:10:36 (5731 turns).

homeworkjunkie the Cleaver (Hill Orc Fighter)       Turns: 5731, Time: 00:10:36

Health: -3/78      AC: 10    Str: 21    XL:     9   Next: 24%
Magic:  9/9        EV:  8    Int:  8    God:    Okawaru [......]
Gold:   285        SH: 10    Dex: 11    Spells: 8/8 levels left

rFire    . . .     SeeInvis .   e - +6 broad axe (flame)
rCold    . . .     Gourm    .   c - +0 shield
rNeg     . . .     Faith    .   b - +0 scale mail
rPois    .         Spirit   .   d - +2 helmet
rElec    .         Reflect  .   (no cloak)
rCorr    .         Harm     .   (no gloves)
MR       .....                  (no boots)
Stlth    ..........             (no amulet)
Regen    0.3/turn               t - ring of flight
MPRegen  0.2/turn               (no ring)

@: no status effects
A: no striking features
a: Renounce Religion, Evoke Flight


You were on level 9 of the Dungeon.
You worshipped Okawaru.
Okawaru was noncommittal.
You were not hungry.

You visited 2 branches of the dungeon, and saw 10 of its levels.
You also visited: Ossuary.

You collected 285 gold pieces.

Inventory:

Hand Weapons
 e - a +6 broad axe of flaming (weapon)
Armour
 b - a +0 scale mail (worn)
 c - a +0 shield (worn)
 d - a +2 helmet (worn)
Jewellery
 t - a ring of flight (left hand)
Wands
 i - a wand of lightning (9/15)
 v - a wand of paralysis (8/24)
 w - a wand of lightning (5/15)
Scrolls
 j - 2 scrolls of remove curse
 n - 2 scrolls of magic mapping
 o - a scroll of enchant armour
 r - 4 scrolls of teleportation
Potions
 g - a potion of haste
 h - 4 potions of curing
 l - 2 potions of invisibility
 m - 2 potions of agility
 p - a potion of heal wounds {unknown}
 q - a potion of mutation {unknown}
 s - a potion of resistance {unknown}
 x - a potion of degeneration {unknown}
Comestibles
 a - 2 royal jellies
 f - 4 bread rations
 k - 5 meat rations


   Skills:
 * Level 6.7 Fighting
 * Level 11.0 Axes
 * Level 6.1 Armour
 + Level 1.0 Dodging
 + Level 0.5 Stealth
 * Level 5.8 Shields
 + Level 1.3 Evocations


You had 8 spell levels left.
You didn't know any spells.

Dungeon Overview and Level Annotations

Branches:
Dungeon (9/15)             Temple (1/1) D:6
   Lair: D:8-11         Orc: D:9-12

Altars:
Ashenzari
Dithmenos
Elyvilon
Makhleb
Okawaru
Qazlal
Trog
Uskayaw
Xom
The Shining One

Annotations:
D:9 ninurtach's ghost, journeyman MiFi


Message History

You are too injured to fight recklessly!
You are too injured to fight recklessly!
You are too injured to fight recklessly!
You are too injured to fight recklessly!
You are too injured to fight recklessly!
You are too injured to fight recklessly!
You are too injured to fight recklessly!
You are too injured to fight recklessly!
You are too injured to fight recklessly!
You are too injured to fight recklessly!
You are too injured to fight recklessly!
You are too injured to fight recklessly!
You are too injured to fight recklessly!
You are too injured to fight recklessly!
You block ninurtach's ghost's attack. Ninurtach's ghost hits you!!
* * * LOW HITPOINT WARNING * * *
There is a stone staircase leading up, spattered with blood here.
Ninurtach's ghost hits you!
You die...

##################.
.).................
#.......>.......
#....W@.........
#.........#........
...#..>.###.####.#.
#. #.#... ... ..
...#... #.## . .##
#...##.# # #....#.#
.#... .#


You could see ninurtach's ghost.

Vanquished Creatures
  Prince Ribbit (D:5)
  The ghost of Regeox the Chopper, an amateur HOFi of Elyvilon (D:3)
  Menkaure (Ossuary)
  A hornet zombie (D:6)
  A water moccasin (D:8)
  A phantom (D:9)
  2 sky beasts
  An ogre (D:6)
  A necrophage (D:6)
  Blork the orc (D:5)
  A bullfrog (D:3)
  2 scorpions
  3 wights (D:5)
  2 howler monkeys (D:6)
  A crimson imp (D:5)
  A bullfrog zombie (D:5)
  A centaur skeleton (D:4)
  2 hounds
  An orc wizard (D:3)
  An iguana (D:4)
  3 worker ants
  2 mummies (Ossuary)
  2 worker ant zombies (D:5)
  10 adders
  A river rat (D:4)
  A shadow imp (D:4)
  A white imp (D:6)
  A worm (D:4)
  9 dart slugs (D:3)
  10 leopard geckos
  13 orcs
  2 bats (D:2)
  6 giant cockroaches
  2 goblins (D:2)
  4 hobgoblins
  5 jackals
  7 kobolds
  2 quokkas (D:4)
  2 frilled lizards
  2 gnoll skeletons (Ossuary)
  4 gnoll zombies (Ossuary)
  4 goblin skeletons
  2 goblin zombies
  5 hobgoblin skeletons (Ossuary)
  5 hobgoblin zombies
  2 kobold skeletons (Ossuary)
  3 kobold zombies
  A leopard gecko skeleton (D:4)
  3 orc skeletons
  4 orc zombies
  A quokka skeleton (D:4)
  A quokka zombie (D:6)
  5 rats
  2 rat skeletons (Ossuary)
153 creatures vanquished.

Vanquished Creatures (others)
  A mummy (Ossuary)
  4 goblin skeletons (Ossuary)
  3 goblin zombies (Ossuary)
  A hobgoblin skeleton (Ossuary)
  A hobgoblin zombie (Ossuary)
  2 kobold skeletons (Ossuary)
  2 kobold zombies (Ossuary)
  2 orc skeletons (Ossuary)
  4 orc zombies (Ossuary)
  2 rat skeletons (Ossuary)
  3 rat zombies (Ossuary)
25 creatures vanquished.

Grand Total: 178 creatures vanquished

Notes
Turn   | Place    | Note
-------+----------+-------------------------------------------
     0 | D:1      | homeworkjunkie the Hill Orc Fighter began the quest for the Orb.
     0 | D:1      | Reached XP level 1. HP: 19/19 MP: 1/1
   232 | D:2      | Reached XP level 2. HP: 27/27 MP: 2/2
   324 | D:3      | Reached skill level 3 in Axes
   325 | D:3      | Reached XP level 3. HP: 22/33 MP: 3/3
   594 | D:2      | Reached XP level 4. HP: 28/40 MP: 4/4
   694 | D:3      | Noticed Regeox's ghost (amateur HOFi)
   772 | D:4      | You fall through a shaft!
   772 | D:5      | Entered Level 5 of the Dungeon
   772 | D:5      | Found a sand-covered staircase.
   778 | Ossuary  | Entered an ossuary
  1056 | Ossuary  | Noticed Menkaure
  1059 | Ossuary  | Killed Menkaure
  1059 | Ossuary  | Reached skill level 4 in Axes
  1059 | Ossuary  | Reached XP level 5. HP: 43/47 MP: 5/5
  1117 | D:5      | Reached skill level 5 in Axes
  1126 | D:5      | Identified a scroll of acquirement
  1281 | D:4      | Reached XP level 6. HP: 42/53 MP: 6/6
  1482 | D:4      | Found a stormy altar of Qazlal.
  1501 | D:4      | Reached skill level 6 in Axes
  1505 | D:4      | Reached skill level 5 in Fighting
  1546 | D:4      | Found a white marble altar of Elyvilon.
  1928 | D:5      | Noticed Prince Ribbit
  2021 | D:5      | Reached XP level 7. HP: 52/61 MP: 7/7
  2194 | D:5      | Reached skill level 7 in Axes
  2494 | D:4      | Found a shadowy altar of Dithmenos.
  2959 | D:3      | Killed Regeox's ghost
  2959 | D:3      | Reached skill level 5 in Armour
  3306 | D:3      | Reached skill level 8 in Axes
  3310 | D:3      | Reached XP level 8. HP: 70/70 MP: 8/8
  3319 | D:3      | Reached skill level 5 in Shields
  3742 | D:5      | Killed Prince Ribbit
  3742 | D:5      | Reached skill level 9 in Axes
  3742 | D:5      | Reached skill level 1 in Dodging
  4292 | D:5      | Noticed Blork the orc
  4299 | D:5      | Killed Blork the orc
  4299 | D:5      | Reached skill level 1 in Evocations
  4799 | D:6      | Reached skill level 10 in Axes
  4842 | D:6      | Found a glowing golden altar of the Shining One.
  4853 | D:6      | Reached XP level 9. HP: 70/75 MP: 9/9
  4871 | D:6      | Found a staircase to the Ecumenical Temple.
  4894 | Temple   | Entered the Ecumenical Temple
  4992 | Temple   | Became a worshipper of Warmaster Okawaru
  5714 | D:9      | Noticed ninurtach's ghost (journeyman MiFi)
  5723 | D:9      | Reached skill level 11 in Axes
  5731 | D:9      | Slain by ninurtach's ghost

Skill      XL: |  1  2  3  4  5  6  7  8  9 |
---------------+----------------------------+-----
Fighting       | 4 5 6 |  6.7
Axes           | 3 4 5 6 8 10 11 | 11.0
Armour         | 4 5 6 |  6.1
Shields        | 4 5 |  5.8
Dodging        | 1 |  1.0
Evocations     | 1 |  1.3
Stealth        | |  0.5

Action                   |  1- 3 |  4- 6 |  7- 9 || total
-------------------------+-------+-------+-------++-------
Melee: War axe           |    84 |    73 |       ||   157
       Broad axe         |       |    93 |   184 ||   277
Evoke: Wand              |       |     5 |     2 ||     7
  Use: Potion            |     1 |       |     1 ||     2
       Scroll            |       |     9 |    14 ||    23
  Eat: Meat ration       |       |     1 |     1 ||     2
       Bread ration      |       |       |     1 ||     1
       Royal jelly       |       |       |     1 ||     1
       Fruit             |       |       |     1 ||     1
Armor: Scale mail        |    59 |    69 |    54 ||   182
Dodge: Dodged            |    40 |    58 |    51 ||   149
Block: Shield            |    44 |    96 |    87 ||   227
